 Dungeon Crawl Stone Soup version 0.24.0-125-gc4c63601f3 (webtiles) character file.

Game seed: 11900512853698560331, levelgen mode: deterministic

140 Anathary the Slasher (level 5, -3/41 HPs)
             Began as a Demonspawn Fighter on Mar 11, 2020.
             Slain by a gnoll
             ... wielding a +0 halberd
              (4 damage)
             ... on level 3 of the Dungeon.
             The game lasted 00:09:44 (3365 turns).

Anathary the Slasher (Demonspawn Fighter)           Turns: 3365, Time: 00:09:44

Health: -3/41      AC:  8    Str: 17    XL:     5   Next: 2%
Magic:  0/14       EV:  7    Int: 10    God:
Gold:   124        SH:  8    Dex: 12    Spells: 4/4 levels left

rFire    . . .     SeeInvis .   q - +3 whip
rCold    . . .     Gourm    .   c - +0 shield
rNeg     . . .     Faith    .   b - +0 scale mail
rPois    .         Spirit   +   (helmet restricted)
rElec    .         Reflect  .   (no cloak)
rCorr    .         Harm     .   (no gloves)
MR       .....                  (no boots)
Stlth    ..........             (no amulet)
HPRegen  0.13/turn              o - ring of magical power
MPRegen  0.28/turn              (no ring)

@: no status effects
A: horns 1, yellow scales 1, magic shield, magic regeneration
a: no special abilities


You were on level 3 of the Dungeon.
You were not hungry.

You visited 1 branch of the dungeon, and saw 3 of its levels.

You collected 124 gold pieces.

Inventory:

Hand Weapons
 a - a +0 long sword
 q - a +3 whip (weapon)
Armour
 b - a +0 scale mail (worn)
 c - a +0 shield (worn)
Jewellery
 o - a ring of magical power (left hand)
Scrolls
 e - 2 scrolls of identify {unknown}
 f - a scroll of enchant armour {unknown}
 h - 2 scrolls of remove curse {unknown}
 l - a scroll of fear {unknown}
 n - a scroll of blinking {unknown}
 p - a scroll of random uselessness {unknown}
Potions
 d - a potion of might
 g - a potion of heal wounds {unknown}
 i - 2 potions of brilliance {unknown}
 j - 2 potions of lignification {unknown}
 k - a potion of ambrosia {unknown}
 m - a potion of cancellation {unknown}
Comestibles
 r - a ration


   Skills:
 - Level 3.0 Fighting
 - Level 4.3 Long Blades
 * Level 1.0 Maces & Flails
 - Level 2.6 Armour
 - Level 1.0 Dodging
 - Level 0.1 Stealth
 - Level 2.6 Shields


You had 4 spell levels left.
You didn't know any spells.
Your spell library was empty.

Dungeon Overview and Level Annotations

Branches:
Dungeon (3/15)

Altars:
Zin


Innate Abilities, Weirdness & Mutations

You have a pair of small horns on your head.
You are partially covered in yellow scales. (AC +2)
When hurt, damage is shared between your health and your magic reserves.
You regenerate magic rapidly.


Message History

A pair of horns grows on your head! You block the gnoll's attack.
You hit the gnoll.
The gnoll is heavily wounded.
The gnoll hits you but does no damage.
You hit the gnoll.
The gnoll is heavily wounded.
The gnoll hits you with a +0 halberd.
* * * LOW HITPOINT WARNING * * *
The gnoll barely misses you. The gnoll hits you with a +0 halberd!
* * * LOW HITPOINT WARNING * * *
You hit the gnoll.
The gnoll is almost dead.
The gnoll hits you with a +0 flail.
* * * LOW HITPOINT WARNING * * *
You block the gnoll's attack.
You closely miss the gnoll. Your headbutt misses the gnoll.
The gnoll is almost dead.
You block the gnoll's attack. The gnoll hits you with a +0 halberd.
You die...

#. ... #. ..% #.
#.. ##.###. #.#
........ #.#
#.#####.
###.###.###. ..<
#..####........#.
#### #....g@...#
#.# ##.####g#.#
##.## #.#.#
##...##
#.#.###.....#
..#.........#####
#######.....##...
##....##.##
##.#.##.#
...#>##.#


You could see 2 gnolls.

Vanquished Creatures
  5 gnolls (D:3)
  2 adders
  A dart slug (D:3)
  6 leopard geckos
  3 giant cockroaches
  5 goblins
  10 hobgoblins
  6 jackals
  2 quokkas (D:3)
  7 bats
  2 frilled lizards (D:2)
  8 kobolds
  7 rats
64 creatures vanquished.

Notes
Turn   | Place    | Note
-------+----------+-------------------------------------------
     0 | D:1      | Anathary the Demonspawn Fighter began the quest for the
                  | Orb.
     0 | D:1      | Reached XP level 1. HP: 18/18 MP: 1/1
   148 | D:1      | Reached skill level 2 in Long Blades
   266 | D:1      | Gained mutation: When hurt, damage is shared between your
                  | health and your magic reserves. [demonic ancestry]
   266 | D:1      | Reached XP level 2. HP: 24/24 MP: 2/2
  1304 | D:1      | Reached skill level 3 in Long Blades
  1668 | D:1      | Gained mutation: You regenerate magic rapidly. [demonic
                  | ancestry]
  1668 | D:1      | Reached XP level 3. HP: 26/29 MP: 1/3
  2723 | D:2      | Found a glowing silver altar of Zin.
  2726 | D:2      | You fall into a shaft and drop 1 floor!
  2742 | D:3      | Gained mutation: You are partially covered in yellow
                  | scales. (AC +2) [demonic ancestry]
  2742 | D:3      | Reached XP level 4. HP: 20/35 MP: 2/4
  3012 | D:3      | Reached skill level 4 in Long Blades
  3075 | D:3      | Reached skill level 1 in Dodging
  3361 | D:3      | Reached skill level 1 in Maces & Flails
  3361 | D:3      | Gained mutation: You have a pair of small horns on your
                  | head. [demonic ancestry]
  3361 | D:3      | Reached XP level 5. HP: 7/41 MP: 5/5
  3363 | D:3      | HP: 2/41 [gnoll/+0 halberd (5)]
  3365 | D:3      | Slain by a gnoll

Levels and vault maps discovered:
D:1:      tarquinn_simple_flora_water_f, layout_basic
D:2:      layout_basic, nicolae_overflow_crystal_walls,
          kennysheep_generic_room_3
D:3:      layout_loops_ring, grunt_temple_overflow_lords_of_destruction,
          serial_forest, infiniplex_forest_lined_3, infiniplex_forest_lined_2,
          infiniplex_forest_corner_1, infiniplex_forest_end_double,
          infiniplex_forest_pool, first_ration, uniq_terence

Skill      XL: |  1  2  3  4 |
---------------+-------------+-----
Long Blades    | 2 3 4 |  4.3
Dodging        | 1 |  1.0
Maces & Flails | 1 |  1.0
Fighting       | |  3.0
Armour         | |  2.6
Stealth        | |  0.1
Shields        | |  2.6

Action                   |  1- 3 |  4- 6 || total
-------------------------+-------+-------++-------
Melee: Long sword        |   164 |    46 ||   210
       Whip              |       |    31 ||    31
  Eat: Ration            |     1 |     1 ||     2
       Chunk             |     2 |     1 ||     3
Armor: Scale mail        |   118 |    37 ||   155
Dodge: Dodged            |    65 |    33 ||    98
Block: Shield            |   109 |    42 ||   151
       Rpst.: Long sword |    17 |     3 ||    20
